 Dungeon Crawl Stone Soup version 0.30-a0-1163-gf69bf04e7a (webtiles) character file.

Game seed: 16822550697924212211

281 oldriver the Magician (level 6, 0/45 HPs)
             Began as a Mummy Fire Elementalist on Apr 27, 2023.
             Frozen to death by an endoplasm (2 damage)
             ... on level 3 of the Dungeon on Apr 28, 2023.
             The game lasted 00:06:44 (3560 turns).

oldriver the Magician (Mummy Fire Elementalist)     Turns: 3560, Time: 00:06:44

Health: 0/45       AC:  4    Str: 11    XL:     6   Next: 6%
Magic:  2/12       EV:  6    Int: 16    God:
Gold:   19         SH:  0    Dex: 19    Spells: 10/13 levels left

rFire   x . .        g - +1 sling
rCold   + . .        (no shield)
rNeg    + + +        a - +0 robe
rPois   ∞            b - +1 helmet
rElec   .            (no cloak)
rCorr   .            (no gloves)
SInv    .            (no boots)
Will    .....        (no amulet)
Stlth   ++           i - +6 ring of dexterity
HPRegen 0.27/turn    (no ring)
MPRegen 0.13/turn

%: faith
@: held
A: cold resistance 1, negative energy resistance 3, torment resistance 2, heat
vulnerability 1, in touch with death 1, no potions, faith
a: no special abilities


You were on level 3 of the Dungeon.
You visited 1 branch of the dungeon, and saw 3 of its levels.

You collected 19 gold pieces.

Inventory:

Hand Weapons
 d - a +0 club
 g - a +1 sling (weapon)
Missiles
 c - 7 boomerangs
 f - 7 poisoned darts
Armour
 a - a +0 robe (worn)
 b - a +1 helmet (worn)
Jewellery
 i - a +6 ring of dexterity (left hand)
Scrolls
 j - 2 scrolls of teleportation
 m - a scroll of blinking


   Skills:
 + Level 2.3 Fighting
 + Level 1.5 Ranged Weapons
 - Level 1.5 Dodging
 - Level 1.5 Stealth
 + Level 4.1 Spellcasting
 - Level 2.0 Conjurations
 * Level 3.7 Fire Magic


You had 10 spell levels left.
You knew the following spells:

 Your Spells              Type           Power      Damage    Failure   Level
a - Foxfire               Conj/Fire      48%        2x1d6     4%          1
b - Scorch                Fire           30%        2d6       5%          2

Your spell library contained the following spells:

 Spells                   Type           Power      Damage    Failure   Level
 Freeze                   Ice            12%        1d3       17%         1
 Inner Flame              Hex/Fire       9%         N/A       22%         3
 Volatile Blastmotes      Fire/Tloc      18%        2d11      22%         3
 Hailstorm                Conj/Ice       6%         3d4       32%         3
 Frozen Ramparts          Ice            6%         1d1       45%         3
 Flame Wave               Conj/Fire      12%        2d6       45%         4


Dungeon Overview and Level Annotations

Branches:
Dungeon (3/15)

Altars:

Shops:
D:2 ?   D:3 *


Innate Abilities, Weirdness & Mutations

You are immune to poison.
Your flesh is cold resistant. (rC+)
You are immune to negative energy. (rN+++)
You are immune to unholy pain and torment.
You are vulnerable to heat. (rF-)
You are in touch with the powers of death.
You do not drink.
You have a special connection with the divine. (Faith)


Message History

Casting: Scorch (safe; 5% risk of failure)
Confirm with . or Enter, or press ? or * to list all spells.
Flames lash the gnoll.
The gnoll is heavily wounded.
The gnoll's fire resistance burns away.
The endoplasm hits you.
The gnoll hits you from afar with a +0 spear.
The ball python bites you. The ball python constricts you.
Casting: Scorch (safe; 5% risk of failure)
Confirm with . or Enter, or press ? or * to list all spells.
You conjure some foxfire!
The endoplasm freezes you.
You are frozen.
You resist.
An endoplasm comes into view.
The gnoll hits you from afar with a +0 spear.
The ball python bites you but does no damage.
The ball python constricts you.
Your magical contamination has completely faded away.
Casting: Foxfire (safe; 4% risk of failure)
Confirm with . or Enter, or press ? or * to list all spells.
You conjure some foxfire!
The endoplasm is no longer more vulnerable to fire.
The foxfire hits the ball python.
You kill the ball python!
The gnoll barely misses you. The gnoll completely misses you.
The endoplasm hits you but does no damage.
You struggle against the net.
The gnoll hits you from afar with a +0 halberd!
The gnoll hits you from afar with a +0 spear.
* * * LOW HITPOINT WARNING * * *
The endoplasm hits you.
* * * LOW HITPOINT WARNING * * *
Unknown command.
You tear a large gash into the net.
The gnoll hits you from afar with a +0 halberd.
* * * LOW HITPOINT WARNING * * *
The gnoll hits you from afar with a +0 spear.
* * * LOW HITPOINT WARNING * * *
The endoplasm freezes you.
You are frozen.
You resist.
You die...

... . .. #. ^. .. #.
...## .## #.#####
.......J. #.....#
./...g#g###########....#
...?..>†J..............#
....###@###########.....
#....vvv...............
#.####.##########.....#
#.#### #.....#...#
#...># #.#####...#
####.###.# ##### #.....#
#######


You could see 2 gnolls and 2 endoplasms.

Vanquished Creatures
  Sigmund (D:2)
  Robin (D:2)
  2 adders
  A gnoll (D:3)
  2 worms (D:2)
  4 dart slugs
  2 orcs (D:2)
  4 ball pythons
  3 bats
  8 endoplasms
  A giant cockroach (D:1)
  7 goblins
  10 hobgoblins
  4 jackals (D:2)
  A quokka (D:1)
  A frilled lizard (D:1)
  8 kobolds
  4 rats
64 creatures vanquished.

Vanquished Creatures (others)
  269 foxfires
269 creatures vanquished.

Grand Total: 333 creatures vanquished

Notes
Turn   | Place    | Note
-------+----------+-------------------------------------------
     0 | D:1      | oldriver the Mummy Fire Elementalist began the quest for
                  | the Orb.
     0 | D:1      | Reached XP level 1. HP: 13/13 MP: 4/4
     6 | D:1      | Noticed a redback
     6 | D:1      | Noticed a four-headed hydra
     6 | D:1      | Noticed a lindwurm
     7 | D:1      | Noticed a salamander
   179 | D:1      | Reached skill level 1 in Conjurations
   226 | D:1      | Reached XP level 2. HP: 20/20 MP: 0/5
   227 | D:1      | Reached skill level 3 in Spellcasting
   820 | D:1      | Reached skill level 1 in Fighting
   888 | D:1      | Gained mutation: You are in touch with the powers of death.
                  | [Mummy growth]
   888 | D:1      | Reached XP level 3. HP: 26/26 MP: 0/7
  1652 | D:2      | Noticed Sigmund
  1667 | D:2      | Found Zecs's Magic Scroll Emporium.
  1773 | D:1      | Learned a level 2 spell: Scorch
  2283 | D:2      | Noticed Robin
  2398 | D:1      | Reached XP level 4. HP: 32/32 MP: 0/9
  2725 | D:2      | Killed Robin
  2776 | D:1      | Upgraded the game from 0.30-a0-1161-g0704695555 to
                  | 0.30-a0-1163-gf69bf04e7a
  3041 | D:3      | Found Zisog's Assorted Antiques.
  3247 | D:2      | Killed Sigmund
  3248 | D:2      | Reached skill level 1 in Ranged Weapons
  3248 | D:2      | Reached skill level 4 in Spellcasting
  3248 | D:2      | Reached XP level 5. HP: 38/38 MP: 0/11
  3474 | D:3      | Reached XP level 6. HP: 44/44 MP: 8/12
  3560 | D:3      | HP: 2/45 [gnoll/+0 spear (3)]
  3560 | D:3      | Frozen to death by an endoplasm

Illustrated notes

Levels and vault maps discovered:
D:1:      onia_arrival_zoo_common, layout_rooms, serial_glass, glass_columns_c,
          glass_columns_a
D:2:      layout_loops_ring, serial_shops, nicolae_shop_hallway_plus,
          uniq_robin, uniq_sigmund
D:3:      layout_rooms, mainiacjoe_overflow_paths, nemelex_altar_shiori,
          serial_shops, shop, goddamned_bats

Skill      XL: |  1  2  3  4 |
---------------+-------------+-----
Conjurations   | 1 2 |  2.0
Spellcasting   | 3 4 |  4.1
Fighting       | 1 2 |  2.3
Fire Magic     | 3 |  3.7
Ranged Weapons | 1 |  1.5
Dodging        | |  1.5
Stealth        | |  1.5

Action                     |  1- 3 |  4- 6 || total
---------------------------+-------+-------++-------
  Melee: Unarmed           |     1 |       ||     1
         Club              |     4 |       ||     4
   Fire: Sling             |    22 |     8 ||    30
   Cast: Foxfire           |   143 |    43 ||   186
         Scorch            |     3 |    13 ||    16
    Use: Scroll            |       |     6 ||     6
 Armour: Robe              |     8 |     6 ||    14
  Dodge: Dodged            |    31 |     9 ||    40

Table legend: (Time is in decaauts)
 A = Elapsed time spent in this place.
 B = Non-inter-level travel time spent in this place.
 C = Inter-level travel time spent in this place.
 D = Time resting spent in this place.
 E = Time spent auto-exploring this place.
 F = Levels seen in this place.
 G = Mean time per level.
                   A        B        C        D        E       F      G
               +--------+--------+--------+--------+--------+-----+--------+
         Total |   3576 |   3388 |    188 |    687 |   2061 |   3 | 1192.0 |
       Dungeon |   3576 |   3388 |    188 |    687 |   2061 |   3 | 1192.0 |
               +--------+--------+--------+--------+--------+-----+--------+

Top non-repeatable levels by time:
     D:2: 1787 daAuts
     D:1: 1653 daAuts
     D:3: 136 daAuts
